 Dungeon Crawl Stone Soup version 0.30-a0-956-gcec3b41aec (webtiles) character file.

Game seed: 10026834181164779070

140 vishdafish the Conjurer (level 5, -2/35 HPs)
             Began as a Demonspawn Conjurer on Mar 29, 2023.
             Killed by divine providence
             ... invoked by an orc priest
              (16 damage)
             ... on level 3 of the Dungeon.
             The game lasted 00:03:06 (2650 turns).

vishdafish the Conjurer (Demonspawn Conjurer)       Turns: 2650, Time: 00:03:06

Health: -2/35      AC:  4    Str:  8    XL:     5   Next: 2%
Magic:  7/8        EV: 12    Int: 21    God:
Gold:   224        SH:  0    Dex: 11    Spells: 7/8 levels left

rFire   . . .      SeeInvis .    k - +2 dagger (vamp)
rCold   . . .      Faith    .    (no shield)
rNeg    . . .      Spirit   .    a - +0 robe
rPois   .          Reflect  .    (no helmet)
rElec   .          Rampage  .    (no cloak)
rCorr   .                        (no gloves)
Will    .....                    (no boots)
Stlth   ++                       (no amulet)
HPRegen 0.25/turn                (no ring)
MPRegen 0.11/turn                (no ring)

@: brilliant
A: claws 2, yellow scales 1
a: no special abilities


You were on level 3 of the Dungeon.
You visited 1 branch of the dungeon, and saw 3 of its levels.

You collected 224 gold pieces.

Inventory:

Hand Weapons
 e - a +0 spear
 k - a +2 vampiric dagger (weapon)
Armour
 a - a +0 robe (worn)
Jewellery
 d - a ring of fire
 l - an amulet of guardian spirit
Scrolls
 f - 3 scrolls of vulnerability {unknown}
 g - a scroll of immolation {unknown}
 h - 2 scrolls of identify {unknown}
 i - 2 scrolls of silence {unknown}
 m - a scroll of blinking {unknown}
 n - a scroll of teleportation {unknown}


   Skills:
 + Level 3.4 Dodging
 + Level 3.7 Stealth
 - Level 2.1 Spellcasting
 - Level 4.0 Conjurations


You had 7 spell levels left.
You knew the following spells:

 Your Spells              Type           Power      Damage    Failure   Level
a - Magic Dart            Conj           100%       1d8       2%          1

Your spell library contained the following spells:

 Spells                   Type           Power      Damage    Failure   Level
 Searing Ray              Conj           58%        2d6       4%          2
 Apportation              Tloc           6%         N/A       14%         1
 Beastly Appendage        Tmut           6%         N/A       14%         1
 Necrotise                Necr           12%        1d4       14%         1
 Summon Small Mammal      Summ           12%        N/A       14%         1
 Dazzling Flash           Conj/Hex       32%        N/A       19%         3
 Hailstorm                Conj/Ice       16%        3d6       19%         3
 Wereblood                Tmut           3%         N/A       22%         2
 Spider Form              Tmut/Pois      3%         N/A       41%         3
 Fulminant Prism          Conj/Hex       8%         3d6       54%         4
 Iskenderun's Mystic Bla  Conj/Tloc      16%        2d5       54%         4
 Ice Form                 Ice/Tmut       3%         N/A       82%         4
 Simulacrum               Ice/Necr       1%         N/A       100%        6


Dungeon Overview and Level Annotations

Branches:
Dungeon (3/15)

Altars:


Innate Abilities, Weirdness & Mutations

You have very sharp fingernails.
You are partially covered in yellow scales. (AC +2)


Message History

The orc wizard hits you with a +0 dagger.
You hit the orc wizard but do no damage.
The orc wizard is lightly wounded.
The orc priest closely misses you. The orc wizard misses you.
You hit the orc wizard.
You feel better.
The orc wizard is moderately wounded.
The orc priest hits you with a +0 hand axe.
The orc wizard gestures at you while chanting.
You resist with some effort.
You hit the orc wizard but do no damage.
The orc wizard is moderately wounded.
The orc priest hits you with a +0 hand axe.
The orc wizard hits you with a +0 dagger.
You closely miss the orc wizard.
The orc wizard is moderately wounded.
The orc priest misses you.
The orc wizard gestures at you while chanting.
You are confused.
You are too confused!
You are too confused!
Magic courses through your body. The orc priest misses you.
The orc wizard hits you but does no damage.
An orc comes into view. It is wielding a +0 club.
Unknown command.
The orc priest attacks as you move away!
The orc priest hits you with a +0 hand axe.
The orc wizard hits you but does no damage.
You bump into the rock wall.
The orc priest begins to cast a cantrip, but forgets the words!
You feel less confused.
The orc priest hits you with a +0 hand axe.
You are too injured to fight recklessly!
Aiming: Magic Dart (safe; 2% risk of failure)
Press: ? - help, Q - select action Shift-Dir - straight line, f - orc priest
Aim: an orc priest, wielding a +0 hand axe and wearing a +0 leather armour (100% to hit)
You feel a surge of power!
The magic dart hits the orc priest but does no damage.
The orc priest calls down the wrath of Beogh upon you.
Beogh smites you!
You die...

### ..##
##################### ...
............oo......#
#.####....##....@#o.......
.....#....##.###.#.#####.#
#.##.#....##.# #.#.†...)..
#.##.#....##.# #.#........
#.##......##.# #.#........
#†####.#####.# #.#........
#.####.......# #.#..[.....
............## #.##.......
..#########.# #.# #####.#


You could see an orc priest and an orc.

Vanquished Creatures
  A howler monkey (D:3)
  3 adders (D:2)
  A worm (D:3)
  3 dart slugs
  2 orcs (D:3)
  5 endoplasms
  3 giant cockroaches
  6 goblins (D:2)
  6 hobgoblins
  5 jackals
  A kobold (D:2)
  2 quokkas
  12 ball pythons
  4 bats (D:1)
  3 frilled lizards
  6 rats
63 creatures vanquished.

Vanquished Creatures (others)
  5 toadstools (D:1)
5 creatures vanquished.

Grand Total: 68 creatures vanquished

Notes
Turn   | Place    | Note
-------+----------+-------------------------------------------
     0 | D:1      | vishdafish the Demonspawn Conjurer began the quest for the
                  | Orb.
     0 | D:1      | Reached XP level 1. HP: 13/13 MP: 3/3
   288 | D:1      | Gained mutation: You are partially covered in yellow
                  | scales. (AC +2) [demonic ancestry]
   288 | D:1      | Reached XP level 2. HP: 19/19 MP: 1/5
   788 | D:1      | Found a faded altar of an unknown god.
  1144 | D:1      | Gained mutation: You have sharp fingernails. [demonic
                  | ancestry]
  1144 | D:1      | Reached XP level 3. HP: 24/24 MP: 3/6
  1775 | D:2      | Gained mutation: You have very sharp fingernails. [demonic
                  | ancestry]
  1775 | D:2      | Reached XP level 4. HP: 29/30 MP: 3/7
  2604 | D:3      | Reached XP level 5. HP: 35/35 MP: 1/8
  2650 | D:3      | Killed from afar by an orc priest

Illustrated notes

Levels and vault maps discovered:
D:1:      lordsloth_arrival_two_stooges, layout_loops_ring,
          shapermc_ecumenical_altar_totnotflames, minivault_19,
          wad_floor_pattern_untrapped, minmay_gold_behind_fungi
D:2:      layout_basic, st_stairs_12
D:3:      layout_basic, minmay_distorted

Skill      XL: |  1  2  3  4 |
---------------+-------------+-----
Stealth        | 2 3 |  3.7
Dodging        | 2 3 |  3.4
Spellcasting   | |  2.1
Conjurations   | |  4.0

Action                     |  1- 3 |  4- 6 || total
---------------------------+-------+-------++-------
  Melee: Unarmed           |    38 |       ||    38
         Spear             |    26 |       ||    26
         Punch             |     1 |       ||     1
         Dagger            |     9 |    36 ||    45
   Cast: Magic Dart        |    80 |    49 ||   129
    Use: Potion            |       |     3 ||     3
   Stab: Sleeping          |     1 |       ||     1
 Armour: Robe              |    29 |     9 ||    38
  Dodge: Dodged            |    61 |    26 ||    87

Table legend: (Time is in decaauts)
 A = Elapsed time spent in this place.
 B = Non-inter-level travel time spent in this place.
 C = Inter-level travel time spent in this place.
 D = Time resting spent in this place.
 E = Time spent auto-exploring this place.
 F = Levels seen in this place.
 G = Mean time per level.
                   A        B        C        D        E       F      G
               +--------+--------+--------+--------+--------+-----+--------+
         Total |   2651 |   2627 |     24 |      0 |   2249 |   3 |  883.7 |
       Dungeon |   2651 |   2627 |     24 |      0 |   2249 |   3 |  883.7 |
               +--------+--------+--------+--------+--------+-----+--------+

Top non-repeatable levels by time:
     D:1: 1238 daAuts
     D:2: 1051 daAuts
     D:3: 360 daAuts
